 Dungeon Crawl Stone Soup version 0.18-a0-1577-gf591c28 (webtiles) character file.

155 Ijustatesigmund the Insei (level 5, -1/36 HPs)
             Began as an Octopode Transmuter on Mar 18, 2016.
             Slain by Purgy (3 damage)
             ... on level 4 of the Dungeon.
             The game lasted 00:07:05 (2659 turns).

Ijustatesigmund the Insei (Octopode Transmuter)     Turns: 2659, Time: 00:07:08

Health: -1/36      AC:  1    Str:  8 (10) XL:     5   Next: 37%
Magic:  1/8        EV: 12    Int: 12 (15) God:
Gold:   219        SH:  0    Dex: 11 (13) Spells: 2 memorised, 5 levels left

rFire  . . .     SeeInvis .       - Unarmed
rCold  . . .     Gourm    .     (no shield)
rNeg   . . .     Faith    .     (helmet restricted)
rPois  .         Spirit   .     (no amulet)
rElec  .         Dismiss  .     (no ring)
rCorr  .         Reflect  .     (no ring)
SustAt .         Harm     .     (no ring)
MR     .....                    (no ring)
Stlth  ++........               (no ring)
                                (no ring)
                                (no ring)
                                (no ring)

@: not resistant to hostile enchantments, unstealthy
A: almost no armour, amphibious, 8 rings, constrict 8, camouflage 1, gelatinous
body 1
a: no special abilities


You were on level 4 of the Dungeon.
You were hungry.

You visited 1 branch of the dungeon, and saw 4 of its levels.

You collected 219 gold pieces.

Inventory:

Missiles
 a - 4 arrows
Jewellery
 k - an uncursed ring of ice
Scrolls
 h - a scroll of enchant weapon
 i - a scroll of remove curse
Potions
 e - 2 potions of curing
 f - 3 potions of degeneration
Books
 b - a book of Changes

   Spells                             Type                      Level
   a - Beastly Appendage              Transmutation                1
   b - Sticks to Snakes               Transmutation                2
   c - Spider Form                    Transmutation/Poison         3
   d - Ice Form                       Ice/Transmutation            4
   e - Blade Hands                    Transmutation                5
Comestibles
 c - 2 bread rations
 g - 2 meat rations
 n - a chunk of flesh


   Skills:
 + Level 3.6 Fighting
 - Level 2.0 Dodging
 + Level 4.6 Unarmed Combat
 - Level 2.0 Spellcasting
 - Level 2.0 Transmutations


You had 5 spell levels left.
You knew the following spells:

 Your Spells              Type           Power        Failure   Level  Hunger
a - Beastly Appendage     Trmt           #.....       12%         1    ##.....
b - Sticks to Snakes      Trmt           #.......     17%         2    ###....


Dungeon Overview and Level Annotations

Branches:
Dungeon (4/15)
 Temple: D:4-7

Altars:
Gozag
Kikubaaqudgha
Zin

Annotations:
D:4 Purgy


Innate Abilities, Weirdness & Mutations

You cannot wear most types of armour.
You are amphibious.
You can wear up to eight rings at the same time.
You can use your tentacles to constrict eight enemies at once.
Your skin changes colour to match your surroundings (Stealth).
Your rubbery body absorbs attacks (AC +1).


Message History

You barely miss Purgy.
Purgy is lightly wounded.
Purgy bites you! Purgy claws you.
* * * LOW HITPOINT WARNING * * *
Purgy barely misses you.
Your ball python barely misses Purgy.
Unknown command.
You closely miss Purgy.
Purgy is lightly wounded.
Your ball python misses Purgy.
Purgy bites you.
* * * LOW HITPOINT WARNING * * *
Purgy claws you but does no damage. Purgy claws you.
* * * LOW HITPOINT WARNING * * *
You bludgeon Purgy!
Purgy is moderately wounded.
Your ball python bites Purgy.
Purgy bites you.
* * * LOW HITPOINT WARNING * * *
Purgy claws you.
* * * LOW HITPOINT WARNING * * *
Purgy claws you.
You die...

≈≈≈≈P≈≈≈≈≈≈≈≈≈≈≈P≈P≈♣≈♣
≈P♣≈≈P≈≈≈≈≈≈≈≈≈≈♣≈P≈♣≈#
♣≈≈≈≈≈≈T≈≈≈≈♣≈≈♣≈≈♣♣♣.#
≈♣≈♣♣P≈≈≈♣P≈≈P≈≈♣≈P♣≈.###
#≈♣≈P♣P≈♣≈♣♣≈♣♣P♣♣.#....#
#####♣≈♣♣♣≈♣P≈...#...##.#
### #.......##..##.#
##...S..##.>##.# #####
#....T@######.#####....
#......# #.....'....
######## #.#####.... ###
#.... #.... ###..
#######.. ######....##..
##.#.#.#.#.###'


You could see Purgy and a friendly ball python.

Vanquished Creatures
  5 adders
  An ooze (D:2)
  3 worms
  2 dart slugs
  3 giant geckos
  4 giant cockroaches
  8 goblins
  6 hobgoblins
  10 jackals
  5 kobolds
  A quokka (D:2)
  A ball python (D:2)
  2 bats
  2 giant newts (D:2)
  9 rats
62 creatures vanquished.

Vanquished Creatures (collateral kills)
  A scorpion (D:4)
  An adder (D:4)
2 creatures vanquished.

Grand Total: 64 creatures vanquished

Notes
Turn   | Place    | Note
--------------------------------------------------------------
     0 | D:1      | Ijustatesigmund the Octopode Transmuter began the quest for the Orb.
     0 | D:1      | Reached XP level 1. HP: 13/13 MP: 3/3
   126 | D:1      | Reached XP level 2. HP: 13/18 MP: 5/5
   130 | D:1      | Learned a level 2 spell: Sticks to Snakes
   707 | D:2      | Reached XP level 3. HP: 17/24 MP: 6/6
   897 | D:2      | Found an ancient bone altar of Kikubaaqudgha.
  1265 | D:2      | Reached skill level 4 in Unarmed Combat
  1265 | D:2      | Reached XP level 4. HP: 24/30 MP: 7/7
  1926 | D:2      | Found an opulent altar of Gozag.
  1928 | D:2      | Found a glowing silver altar of Zin.
  2193 | D:3      | Reached XP level 5. HP: 12/36 MP: 8/8
  2622 | D:4      | Noticed Purgy
  2659 | D:4      | Slain by Purgy

Vault maps used:
D:1:      minmay_arrival_checkered_box
D:2:      kiku_gazebo_garden_becter, grunt_temple_overflow_gold_and_silver,
          serial_bayou_pond_b
D:3:      grunt_temple_overflow_champion_of_chaos, first_bread,
          ecumenical_altar_2, uniq_natasha
D:4:      lemuel_round_altar, st_stairs_4, serial_bayou_lake_a, uniq_purgy

Skill      XL: |  1  2  3  4 |
---------------+-------------+-----
Fighting       | 2 3 |  3.6
Unarmed Combat | 4 |  4.6
Dodging        | |  2.0
Spellcasting   | |  2.0
Transmutations | |  2.0

Action                   |  1- 3 |  4- 6 || total
-------------------------+-------+-------++-------
Melee: Unarmed           |    88 |    67 ||   155
 Cast: Beastly Appendage |     4 |     8 ||    12
       Sticks to Snakes  |     1 |     7 ||     8
  Use: Scroll            |     8 |     2 ||    10
       Potion            |       |     5 ||     5
 Stab: Sleeping          |     8 |     1 ||     9
  Eat: Chunk             |     1 |     3 ||     4
       Fruit             |       |     2 ||     2
